| TOP OF THE 1ST |
|
Wisconsin Timber Rattlers batting - Pitching for Binghamton Mets : RHP Bryan Dorne
|
|
Pitching: RHP Bryan Dorne
|
|
|
Batting: RHB Hector Silva
|
0-0: Ground out 6-3 (Groundball, 6, EV 83.1 MPH)
|
|
Batting: RHB Ryan Miller
|
0-0: Called Strike 0-1: Ball 1-1: Called Strike 1-2: Ball 2-2: SINGLE (Groundball, 4MD, EV 99.4 MPH)
|
|
Batting: LHB Karel Hort
|
0-0: Called Strike 0-1: Swinging Strike 0-2: Strikes out swinging
|
|
Batting: SHB Ramon Perez
|
0-0: SINGLE (Groundball, 34D, EV 101.2 MPH) Ryan Miller to second Runner from 2nd tries for 3rd, SAFE, throw by RF made to third
|
|
Batting: SHB Sam Bingham
|
0-0: Ball 1-0: Foul Ball, location: 2F 1-1: Swinging Strike 1-2: Fly out, F9 (Flyball, 9LD, EV 96.9 MPH)
|
| Top of the 1st over - 0 runs, 2 hits, 0 errors, 2 left on base; Wisconsin 0 - Binghamton 0 |
| BOTTOM OF THE 1ST |
|
Binghamton Mets batting - Pitching for Wisconsin Timber Rattlers : RHP Brett Rosinsky
|
|
Pitching: RHP Brett Rosinsky
|
|
|
Batting: LHB Jamel Alexander
|
0-0: Ball 1-0: Ball 2-0: Foul Ball, location: 2F 2-1: Swinging Strike 2-2: SINGLE (Line Drive, 4M, EV 97.5 MPH)
|
|
Batting: SHB Jason Evans
|
0-0: Ball Jamel Alexander is caught stealing 2nd base 2-6 1-0: SINGLE (Groundball, 4MD, EV 96.2 MPH)
|
|
Batting: LHB Bayesa Mundhir
|
0-0: Ball 1-0: Called Strike Jason Evans steals 2nd base 1-1: Foul Ball, location: 2F 1-2: Ball 2-2: Ground out 4-3 (Groundball, 4M, EV 83.8 MPH) Jason Evans to third
|
|
Batting: LHB Dan Bremseth
|
0-0: Ball 1-0: Swinging Strike 1-1: Ball 2-1: Foul Ball, location: 2F 2-2: Ground out 6-3 (Groundball, 6S, EV 81.2 MPH)
|
| Bottom of the 1st over - 0 runs, 2 hits, 0 errors, 1 left on base; Wisconsin 0 - Binghamton 0 |
| TOP OF THE 2ND |
|
Wisconsin Timber Rattlers batting - Pitching for Binghamton Mets : RHP Bryan Dorne
|
|
Batting: RHB Alfredo Sena
|
0-0: Ball 1-0: Called Strike 1-1: Called Strike 1-2: Ball 2-2: Strikes out swinging
|
|
Batting: SHB Jerry Duffy
|
0-0: Ball 1-0: Ball 2-0: SINGLE (Groundball, 34S, EV 76.9 MPH) (infield hit)
|
|
Batting: RHB Dan Allred
|
0-0: SINGLE (Groundball, 6MD, EV 94.4 MPH) Jerry Duffy to second
|
|
Batting: RHB Dusty Bates
|
0-0: Ball 1-0: Ball 2-0: Ball 3-0: Called Strike 3-1: Base on Balls Jerry Duffy to third Dan Allred to second
|
|
Batting: RHB Hector Silva
|
0-0: Ball 1-0: Swinging Strike 1-1: Ball 2-1: TRIPLE (Flyball, 9LD, EV 106.9 MPH) Jerry Duffy scores Dan Allred scores Dusty Bates scores
|
|
Batting: RHB Ryan Miller
|
0-0: Called Strike 0-1: Ball 1-1: Ball 2-1: Foul Ball, location: 2F 2-2: Strikes out swinging
|
|
Batting: LHB Karel Hort
|
0-0: Swinging Strike 0-1: Foul Ball, location: 2F 0-2: Ball 1-2: Strikes out swinging
|
| Top of the 2nd over - 3 runs, 3 hits, 0 errors, 1 left on base; Wisconsin 3 - Binghamton 0 |
| BOTTOM OF THE 2ND |
|
Binghamton Mets batting - Pitching for Wisconsin Timber Rattlers : RHP Brett Rosinsky
|
|
Batting: RHB Nate Henderson
|
0-0: Ball 1-0: Ball 2-0: Swinging Strike 2-1: Foul Ball, location: 2F 2-2: Ball 3-2: Strikes out swinging
|
|
Batting: LHB Zane Kelton
|
0-0: Ball 1-0: Foul Ball, location: 2F 1-1: Called Strike 1-2: DOUBLE (Line Drive, 9LS, EV 93.1 MPH)
|
|
Batting: SHB Jerry Burrows
|
0-0: Ball Zane Kelton steals 3rd base 1-0: Called Strike 1-1: Called Strike 1-2: Foul Ball, location: 2F 1-2: Strikes out looking
|
|
Batting: RHB Bobby Mabrey
|
0-0: Called Strike 0-1: Foul Ball, location: 2F 0-2: Ball 1-2: Ball 2-2: Ball 3-2: Fly out, F3 (Line Drive, 3, EV 68.1 MPH)
|
| Bottom of the 2nd over - 0 runs, 1 hit, 0 errors, 1 left on base; Wisconsin 3 - Binghamton 0 |
| TOP OF THE 3RD |
|
Wisconsin Timber Rattlers batting - Pitching for Binghamton Mets : RHP Bryan Dorne
|
|
Batting: SHB Ramon Perez
|
0-0: Ball 1-0: Ground out 4-3 (Groundball, 4, EV 100.6 MPH)
|
|
Batting: SHB Sam Bingham
|
0-0: Ball 1-0: Ground out 6-3 (Groundball, 6, EV 78.1 MPH)
|
|
Batting: RHB Alfredo Sena
|
0-0: Ball 1-0: Ball 2-0: Ball 3-0: Called Strike 3-1: Foul Ball, location: 2F 3-2: Foul Ball, location: 2F 3-2: Foul Ball, location: 2F 3-2: Base on Balls
|
|
Batting: SHB Jerry Duffy
|
0-0: 2-RUN HOME RUN (Flyball, 8RXD, EV 110.0 MPH), Distance : 416 ft
|
|
Batting: RHB Dan Allred
|
0-0: Swinging Strike 0-1: SINGLE (Groundball, 34D, EV 96.9 MPH)
|
|
Batting: RHB Dusty Bates
|
0-0: Called Strike Dan Allred is caught stealing 2nd base 2-4
|
| Top of the 3rd over - 2 runs, 2 hits, 0 errors, 0 left on base; Wisconsin 5 - Binghamton 0 |
| BOTTOM OF THE 3RD |
|
Binghamton Mets batting - Pitching for Wisconsin Timber Rattlers : RHP Brett Rosinsky
|
|
Batting: RHB Gang-sheng Chew
|
0-0: Ball 1-0: Called Strike 1-1: Called Strike 1-2: Foul Ball, location: 2F 1-2: Strikes out swinging
|
|
Batting: LHB Jamel Alexander
|
0-0: Foul Ball, location: 2F 0-1: Ball 1-1: Ball 2-1: Swinging Strike 2-2: Ball 3-2: Ground out 4-3 (Groundball, 4, EV 89.4 MPH)
|
|
Batting: SHB Jason Evans
|
0-0: Swinging Strike 0-1: TRIPLE (Flyball, 78XD, EV 111.2 MPH)
|
|
Batting: LHB Bayesa Mundhir
|
0-0: Ball 1-0: SINGLE (Groundball, 34D, EV 106.2 MPH) Jason Evans scores
|
|
Batting: LHB Dan Bremseth
|
0-0: Called Strike 0-1: SINGLE (Groundball, 4MD, EV 96.9 MPH) Bayesa Mundhir to second
|
|
Batting: RHB Nate Henderson
|
0-0: Ball 1-0: Called Strike 1-1: Swinging Strike 1-2: Ball 2-2: Strikes out swinging
|
| Bottom of the 3rd over - 1 run, 3 hits, 0 errors, 2 left on base; Wisconsin 5 - Binghamton 1 |
| TOP OF THE 4TH |
|
Wisconsin Timber Rattlers batting - Pitching for Binghamton Mets : RHP Bryan Dorne
|
|
Batting: RHB Dusty Bates
|
0-0: Foul Ball, location: 2F 0-1: Ball 1-1: Foul Ball, location: 2F 1-2: Strikes out swinging
|
|
Batting: RHB Hector Silva
|
0-0: Swinging Strike 0-1: Ball 1-1: Ground out 6-3 (Groundball, 56D, EV 91.2 MPH)
|
|
Batting: RHB Ryan Miller
|
0-0: Called Strike 0-1: Ball 1-1: Ball 2-1: Ball 3-1: Fly out, F9 (Line Drive, 89D, EV 95.0 MPH)
|
| Top of the 4th over - 0 runs, 0 hits, 0 errors, 0 left on base; Wisconsin 5 - Binghamton 1 |
| BOTTOM OF THE 4TH |
|
Binghamton Mets batting - Pitching for Wisconsin Timber Rattlers : RHP Brett Rosinsky
|
|
Batting: LHB Zane Kelton
|
0-0: Foul Ball, location: 2F 0-1: SINGLE (Line Drive, 4MD, EV 98.8 MPH)
|
|
Batting: SHB Jerry Burrows
|
0-0: DOUBLE (Line Drive, 9LM, EV 108.1 MPH) Zane Kelton to third
|
|
Batting: RHB Bobby Mabrey
|
0-0: Swinging Strike 0-1: Ball 1-1: Swinging Strike 1-2: Strikes out looking
|
|
Batting: RHB Gang-sheng Chew
|
0-0: Called Strike 0-1: Ball 1-1: Ball 2-1: Ball 3-1: SINGLE (Flyball, 34D, EV 100.6 MPH) Zane Kelton scores Jerry Burrows to third
|
|
Batting: LHB Jamel Alexander
|
0-0: Called Strike 0-1: Ball 1-1: SINGLE (Groundball, 5S, EV 70.6 MPH) (infield hit) Jerry Burrows scores Gang-sheng Chew to second
|
|
Batting: SHB Jason Evans
|
0-0: Ball 1-0: Called Strike 1-1: Foul Ball, location: 2F 1-2: SINGLE (Line Drive, 7S, EV 97.5 MPH) Gang-sheng Chew to third Jamel Alexander to second
|
|
Batting: LHB Bayesa Mundhir
|
0-0: Called Strike 0-1: Called Strike 0-2: Ball 1-2: Strikes out swinging
|
|
Batting: LHB Dan Bremseth
|
0-0: Foul Ball, location: 2F 0-1: Swinging Strike 0-2: Ball 1-2: Ball 2-2: Foul Ball, location: 2F 2-2: Foul Ball, location: 2F 2-2: Ball 3-2: Base on Balls Gang-sheng Chew scores Jamel Alexander to third Jason Evans to second
|
|
Batting: RHB Nate Henderson
|
0-0: Called Strike 0-1: Foul Ball, location: 2F 0-2: Ball 1-2: Ball 2-2: Fielders Choice at 2nd, 6-4 (Groundball, 6, EV 83.8 MPH)
|
| Bottom of the 4th over - 3 runs, 5 hits, 0 errors, 3 left on base; Wisconsin 5 - Binghamton 4 |
| TOP OF THE 5TH |
|
Wisconsin Timber Rattlers batting - Pitching for Binghamton Mets : RHP Bryan Dorne
|
|
Batting: LHB Karel Hort
|
0-0: Ball 1-0: Ball 2-0: Ball 3-0: Called Strike 3-1: SINGLE (Line Drive, 78S, EV 95.6 MPH)
|
|
Batting: SHB Ramon Perez
|
0-0: Called Strike 0-1: Ball 1-1: Ball 2-1: Swinging Strike 2-2: Grounds into double play, 4-6-3 (Groundball, 4, EV 88.1 MPH)
|
|
Batting: SHB Sam Bingham
|
0-0: Foul Ball, location: 2F 0-1: Ball 1-1: Foul Ball, location: 2F 1-2: Strikes out swinging
|
| Top of the 5th over - 0 runs, 1 hit, 0 errors, 0 left on base; Wisconsin 5 - Binghamton 4 |
| BOTTOM OF THE 5TH |
|
Binghamton Mets batting - Pitching for Wisconsin Timber Rattlers : RHP Brett Rosinsky
|
|
Batting: LHB Zane Kelton
|
0-0: SINGLE (Line Drive, 7LS, EV 108.1 MPH)
|
|
Batting: SHB Jerry Burrows
|
0-0: Swinging Strike 0-1: Called Strike 0-2: Fielders Choice at 2nd, 1-6 (Groundball, 13, EV 75.0 MPH)
|
|
Batting: RHB Bobby Mabrey
|
0-0: Swinging Strike 0-1: Ball 1-1: Foul Ball, location: 2F 1-2: Ball 2-2: Grounds into double play, 4-6-3 (Groundball, 4, EV 88.8 MPH)
|
| Bottom of the 5th over - 0 runs, 1 hit, 0 errors, 0 left on base; Wisconsin 5 - Binghamton 4 |
| TOP OF THE 6TH |
|
Wisconsin Timber Rattlers batting - Pitching for Binghamton Mets : RHP Bryan Dorne
|
|
Pitching: RHP Eddie Carrasco
|
|
|
Batting: RHB Alfredo Sena
|
0-0: Foul Ball, location: 2F 0-1: Ball 1-1: Foul Ball, location: 2F 1-2: Foul Ball, location: 2F 1-2: Ball 2-2: Ball 3-2: Foul Ball, location: 2F 3-2: Base on Balls
|
|
Batting: SHB Jerry Duffy
|
0-0: Ball 1-0: Swinging Strike 1-1: SINGLE (Groundball, 34D, EV 94.4 MPH) Alfredo Sena to second Runner from 2nd tries for 3rd, SAFE, throw by RF made to third
|
|
Batting: RHB Dan Allred
|
0-0: Ball 1-0: Foul Ball, location: 2F 1-1: Ball 2-1: Foul Ball, location: 2F 2-2: Foul Ball, location: 2F 2-2: Foul Ball, location: 2F 2-2: Grounds into double play, 6-4-3 (Groundball, 6, EV 80.6 MPH) Alfredo Sena scores
|
|
Batting: RHB Dusty Bates
|
0-0: Ball 1-0: Called Strike 1-1: SINGLE (Groundball, 6D, EV 103.8 MPH)
|
|
Batting: RHB Hector Silva
|
0-0: Called Strike 0-1: Fly out, F8 (Flyball, 8LD, EV 106.9 MPH)
|
| Top of the 6th over - 1 run, 2 hits, 0 errors, 1 left on base; Wisconsin 6 - Binghamton 4 |
| BOTTOM OF THE 6TH |
|
Binghamton Mets batting - Pitching for Wisconsin Timber Rattlers : RHP Brett Rosinsky
|
|
Pitching: RHP Tony Acevedo
|
|
|
Batting: RHB Gang-sheng Chew
|
0-0: Ball 1-0: SINGLE (Line Drive, 6MD, EV 100.0 MPH)
|
|
Batting: LHB Jamel Alexander
|
0-0: Ball 1-0: Called Strike 1-1: Swinging Strike 1-2: Ball 2-2: Foul Ball, location: 2F 2-2: Fielders Choice at 2nd, 4-6 (Groundball, 4M, EV 108.1 MPH)
|
|
Batting: SHB Jason Evans
|
0-0: Ball Jamel Alexander steals 2nd base 1-0: Ball 2-0: Foul Ball, location: 2F 2-1: Ground out 3-1 (Groundball, 34, EV 106.9 MPH) Jamel Alexander to third
|
|
Batting: LHB Bayesa Mundhir
|
0-0: Called Strike 0-1: Foul Ball, location: 2F 0-2: Ball 1-2: Ball 2-2: Fly out, F5 (Popup, 5SF, EV 73.1 MPH)
|
| Bottom of the 6th over - 0 runs, 1 hit, 0 errors, 1 left on base; Wisconsin 6 - Binghamton 4 |
| TOP OF THE 7TH |
|
Wisconsin Timber Rattlers batting - Pitching for Binghamton Mets : RHP Eddie Carrasco
|
|
Batting: RHB Ryan Miller
|
0-0: Foul Ball, location: 2F 0-1: Ball 1-1: Foul Ball, location: 2F 1-2: Foul Ball, location: 2F 1-2: Ball 2-2: Fly out, F8 (Line Drive, 8RD, EV 90.6 MPH)
|
|
Batting: LHB Karel Hort
|
0-0: Ball 1-0: Called Strike 1-1: Swinging Strike 1-2: Ball 2-2: Strikes out swinging
|
|
Batting: SHB Ramon Perez
|
0-0: Ball 1-0: Ball 2-0: Foul Ball, location: 2F 2-1: Swinging Strike 2-2: Foul Ball, location: 2F 2-2: Foul Ball, location: 2F 2-2: Strikes out swinging
|
| Top of the 7th over - 0 runs, 0 hits, 0 errors, 0 left on base; Wisconsin 6 - Binghamton 4 |
| BOTTOM OF THE 7TH |
|
Binghamton Mets batting - Pitching for Wisconsin Timber Rattlers : RHP Tony Acevedo
|
|
Batting: LHB Dan Bremseth
|
0-0: Ground out 3-1 (Groundball, 34S, EV 80.0 MPH)
|
|
Batting: RHB Nate Henderson
|
0-0: Called Strike 0-1: Swinging Strike 0-2: Ball 1-2: SINGLE (Line Drive, 78S, EV 99.4 MPH)
|
|
Batting: LHB Zane Kelton
|
0-0: Called Strike 0-1: Swinging Strike 0-2: Strikes out swinging
|
|
Batting: SHB Jerry Burrows
|
0-0: Ball 1-0: Called Strike 1-1: Foul Ball, location: 2F 1-2: Ball 2-2: DOUBLE (Line Drive, 5D, EV 99.4 MPH) Nate Henderson to third
|
|
Batting: RHB Bobby Mabrey
|
0-0: Called Strike 0-1: Foul Ball, location: 2F 0-2: Ball 1-2: Ground out 4-3 (Groundball, 4M, EV 90.0 MPH)
|
| Bottom of the 7th over - 0 runs, 2 hits, 0 errors, 2 left on base; Wisconsin 6 - Binghamton 4 |
| TOP OF THE 8TH |
|
Wisconsin Timber Rattlers batting - Pitching for Binghamton Mets : RHP Eddie Carrasco
|
|
Pitching: RHP Justin Wilkins
|
|
|
Batting: SHB Sam Bingham
|
0-0: Ball 1-0: Foul Ball, location: 2F 1-1: Foul Ball, location: 2F 1-2: SINGLE (Groundball, 4D, EV 95.0 MPH)
|
|
Batting: RHB Alfredo Sena
|
0-0: Ball 1-0: Called Strike 1-1: Ball 2-1: Called Strike 2-2: Strikes out swinging
|
|
Batting: SHB Jerry Duffy
|
0-0: Called Strike 0-1: Ball Sam Bingham steals 2nd base 1-1: Intentional Walk
|
|
Batting: RHB Dan Allred
|
0-0: Called Strike 0-1: Ball 1-1: Ball 2-1: Foul Ball, location: 2F 2-2: Ball 3-2: Fielders Choice at 2nd, 6-4 (Groundball, 6, EV 89.4 MPH) Sam Bingham to third
|
|
Batting: RHB Dusty Bates
|
0-0: Ball 1-0: Ball 2-0: Ball 3-0: Called Strike 3-1: Foul Ball, location: 2F 3-2: Strikes out swinging
|
| Top of the 8th over - 0 runs, 1 hit, 0 errors, 2 left on base; Wisconsin 6 - Binghamton 4 |
| BOTTOM OF THE 8TH |
|
Binghamton Mets batting - Pitching for Wisconsin Timber Rattlers : RHP Tony Acevedo
|
|
Pitching: RHP Sal Contreras
|
|
|
Batting: RHB Gang-sheng Chew
|
0-0: Ball 1-0: Called Strike 1-1: Ball 2-1: Ball 3-1: Ground out 2-3 (Groundball, 13S, EV 73.1 MPH)
|
|
Batting: LHB Jamel Alexander
|
0-0: Foul Ball, location: 2F 0-1: Ball 1-1: Fly out, F8 (Line Drive, 8LD, EV 101.2 MPH)
|
|
Batting: SHB Jason Evans
|
0-0: Ball 1-0: Ball 2-0: SINGLE (Line Drive, 7S, EV 91.2 MPH)
|
|
Batting: LHB Bayesa Mundhir
|
0-0: Ball 1-0: Swinging Strike 1-1: Ball 2-1: Ball 3-1: Base on Balls Jason Evans to second
|
|
Batting: LHB Dan Bremseth
|
0-0: Ball 1-0: Swinging Strike 1-1: Swinging Strike 1-2: Ball 2-2: Ball 3-2: Foul Ball, location: 2F 3-2: Foul Ball, location: 2F 3-2: DOUBLE (Line Drive, 78D, EV 101.9 MPH) Jason Evans scores Bayesa Mundhir to third Bayesa Mundhir scores
|
|
Batting: RHB Nate Henderson
|
0-0: Called Strike 0-1: Fly out, F7 (Line Drive, 7, EV 96.2 MPH)
|
| Bottom of the 8th over - 2 runs, 2 hits, 0 errors, 1 left on base; Wisconsin 6 - Binghamton 6 |
| TOP OF THE 9TH |
|
Wisconsin Timber Rattlers batting - Pitching for Binghamton Mets : RHP Justin Wilkins
|
|
Pitching: LHP Joe Edwards
|
|
|
Batting: RHB Hector Silva
|
0-0: Ball 1-0: Called Strike 1-1: Foul Ball, location: 2F 1-2: Strikes out swinging
|
|
Batting: RHB Ryan Miller
|
0-0: Ball 1-0: Called Strike 1-1: Called Strike 1-2: Ball 2-2: Foul Ball, location: 2F 2-2: Strikes out swinging
|
|
Batting: LHB Karel Hort
|
0-0: Foul Ball, location: 2F 0-1: Ball 1-1: Ball 2-1: Ground out 4-3 (Groundball, 34D, EV 83.1 MPH)
|
| Top of the 9th over - 0 runs, 0 hits, 0 errors, 0 left on base; Wisconsin 6 - Binghamton 6 |
| BOTTOM OF THE 9TH |
|
Binghamton Mets batting - Pitching for Wisconsin Timber Rattlers : RHP Sal Contreras
|
|
Pitching: RHP Zachery Waff
|
|
|
Batting: LHB Zane Kelton
|
0-0: Swinging Strike 0-1: Ball 1-1: Ball 2-1: Swinging Strike 2-2: Strikes out swinging
|
|
Batting: SHB Jerry Burrows
|
0-0: Called Strike 0-1: Foul Ball, location: 2F 0-2: Ground out U3 (Groundball, 3L, EV 93.1 MPH)
|
|
Batting: RHB Bobby Mabrey
|
0-0: Called Strike 0-1: Called Strike 0-2: Strikes out looking
|
| Bottom of the 9th over - 0 runs, 0 hits, 0 errors, 0 left on base; Wisconsin 6 - Binghamton 6 |
| TOP OF THE 10TH |
|
Wisconsin Timber Rattlers batting - Pitching for Binghamton Mets : LHP Joe Edwards
|
|
Batting: SHB Ramon Perez
|
0-0: Ball 1-0: Called Strike 1-1: Ball 2-1: SINGLE (Line Drive, 7S, EV 95.0 MPH)
|
|
Batting: SHB Sam Bingham
|
0-0: Foul Ball, location: 2F 0-1: Ball 1-1: Ball Wild Pitch! Ramon Perez to second 2-1: Foul Ball, location: 2F 2-2: Ball 3-2: Base on Balls
|
|
Batting: RHB Alfredo Sena
|
0-0: Ball 1-0: Called Strike 1-1: Foul Ball, location: 2F 1-2: Foul Ball, location: 2F 1-2: Ball 2-2: Strikes out swinging
|
|
Batting: SHB Jerry Duffy
|
0-0: Called Strike 0-1: Ball 1-1: Foul Ball, location: 2F 1-2: Strikes out swinging
|
|
Batting: RHB Dan Allred
|
0-0: Called Strike 0-1: Ball 1-1: Ball 2-1: Foul Ball, location: 2F 2-2: Strikes out swinging
|
| Top of the 10th over - 0 runs, 1 hit, 0 errors, 2 left on base; Wisconsin 6 - Binghamton 6 |
| BOTTOM OF THE 10TH |
|
Binghamton Mets batting - Pitching for Wisconsin Timber Rattlers : RHP Zachery Waff
|
|
Batting: RHB Gang-sheng Chew
|
0-0: Swinging Strike 0-1: Swinging Strike 0-2: Ground out 5-3 (Groundball, 56S, EV 87.5 MPH)
|
|
Batting: LHB Jamel Alexander
|
0-0: Called Strike 0-1: Called Strike 0-2: Strikes out swinging
|
|
Batting: SHB Jason Evans
|
0-0: Ball 1-0: Ball 2-0: Foul Ball, location: 2F 2-1: Called Strike 2-2: Foul Ball, location: 2F 2-2: Ball 3-2: Base on Balls
|
|
Batting: LHB Bayesa Mundhir
|
0-0: Called Strike 0-1: Foul Ball, location: 2F 0-2: Ball Jason Evans steals 2nd, throwing error, E2 Jason Evans to third 1-2: SINGLE (Line Drive, 7S, EV 106.2 MPH) Jason Evans scores
|
| Bottom of the 10th over - 1 run, 1 hit, 1 error, 1 left on base; Wisconsin 6 - Binghamton 7 |
|